 Dungeon Crawl Stone Soup version 0.20.1-1-g8b1a95d (webtiles) character file.

400 McKennaii the Conjurer (level 6, 0/46 HPs)
             Began as a Draconian Conjurer on Aug 6, 2017.
             Slain by an orc priest
             ... wielding a +1 flail of holy wrath
              (6 damage)
             ... on level 4 of the Dungeon.
             The game lasted 00:07:35 (3260 turns).

McKennaii the Conjurer (Draconian Conjurer)         Turns: 3260, Time: 00:07:36

Health: 0/46       AC:  9    Str: 10    XL:     6   Next: 54%
Magic:  3/12       EV: 12    Int: 18    God:
Gold:   172        SH:  0    Dex: 11    Spells: 13/14 levels left

rFire    + . .     SeeInvis .     - Unarmed
rCold    . . .     Gourm    .   (no shield)
rNeg     + . .     Faith    .   (armour unavailable)
rPois    .         Spirit   .   (helmet restricted)
rElec    .         Reflect  .   (no cloak)
rCorr    .         Harm     .   y - +1 pair of gloves
MR       .....                  u - +0 pair of boots
Stlth    ++........             (no amulet)
Regen    0.2/turn               j - ring of protection from fire (curse)
MPRegen  0.2/turn               o - ring of positive energy

@: no status effects
A: unfitting armour, cold-blooded, AC +6
a: no special abilities


You were on level 4 of the Dungeon.
You were not hungry.

You visited 1 branch of the dungeon, and saw 4 of its levels.

You collected 172 gold pieces.

Inventory:

Armour
 u - a +0 pair of boots (worn)
 y - a +1 pair of gloves (worn)
Jewellery
 j - a cursed ring of protection from fire (left hand)
 o - a ring of positive energy (right hand)
Scrolls
 c - a scroll of teleportation
 d - 2 scrolls of blinking {unknown}
 g - 2 scrolls of enchant weapon {unknown}
 k - a scroll of identify {unknown}
 l - a scroll of enchant armour {unknown}
 q - a scroll of remove curse {unknown}
 r - 3 scrolls of magic mapping {unknown}
 t - 2 scrolls of noise {unknown}
 v - a scroll of random uselessness {unknown}
 x - a scroll of immolation {unknown}
Potions
 e - a potion of curing
 f - a potion of heal wounds {unknown}
 i - a potion of lignification {unknown}
 m - a potion of haste {unknown}
 p - a potion of agility {unknown}
 w - a potion of cancellation {unknown}
Books
 a - a book of Conjurations

   Spells                             Type                      Level
   a - Magic Dart                     Conjuration                  1
   b - Searing Ray                    Conjuration                  2
   c - Dazzling Spray                 Conjuration/Hexes            3
   d - Fulminant Prism                Conjuration/Hexes            4
   e - Force Lance                    Conjuration/Translocation    4
   f - Iskenderun's Mystic Blast      Conjuration                  4
Comestibles
 b - a bread ration
 h - a meat ration
 n - 2 royal jellies
 s - 5 fruits
 z - a chunk of flesh


   Skills:
 + Level 0.4 Fighting
 + Level 2.5 Dodging
 + Level 2.1 Stealth
 + Level 2.0 Unarmed Combat
 * Level 4.5 Spellcasting
 + Level 5.4 Conjurations


You had 13 spell levels left.
You knew the following spells:

 Your Spells              Type           Power        Failure   Level  Hunger
a - Magic Dart            Conj           ###.         1%          1    None


Dungeon Overview and Level Annotations

Branches:
Dungeon (4/15)
 Temple: D:4-7

Altars:
Fedhas
Makhleb
Nemelex Xobeh
Okawaru
Ru
Vehumet
Xom


Innate Abilities, Weirdness & Mutations

Your plain brown scales are hard. (AC +6)
You cannot fit into any form of body armour.
You are cold-blooded and may be slowed by cold attacks.


Message History

The orc hits you but does no damage.
Casting: Magic Dart
Confirm with . or Enter, or press ? or * to list all spells.
Aiming: Magic Dart
Press: ? - help, Shift-Dir - straight line, f/p - orc priest
Aim: an orc priest, wielding a flail of holy wrath and wearing a scale mail (lightly wounded)
The magic dart hits the orc priest.
The orc priest is lightly wounded.
The orc priest hits you with a flail of holy wrath!
* * * LOW HITPOINT WARNING * * *
Casting: Magic Dart
Confirm with . or Enter, or press ? or * to list all spells.
Aiming: Magic Dart
Press: ? - help, Shift-Dir - straight line, f/p - orc priest
Aim: an orc priest, wielding a flail of holy wrath and wearing a scale mail (lightly wounded)
The magic dart hits the orc priest.
The orc priest is moderately wounded.
The orc closely misses you.
The orc priest hits you with a flail of holy wrath.
You die...

#.oo.o....#
#########o#
#.# #.#
####.##
#.....#
#o#####
#####.#
#@o<#.#
#o###.# #.#
#.# #.###)#
#.....#
#######


You could see an orc priest and an orc.

Vanquished Creatures
  Sigmund (D:2)
  An orc priest (D:4)
  2 orc wizards (D:4)
  6 adders
  4 gnolls (D:2)
  2 leopard geckos
  4 orcs (D:4)
  3 giant cockroaches
  8 goblins
  2 hobgoblins
  2 jackals (D:1)
  8 bats
  6 frilled lizards
  9 kobolds
  10 rats
68 creatures vanquished.

Notes
Turn   | Place    | Note
-------+----------+-------------------------------------------
     0 | D:1      | McKennaii the Draconian Conjurer began the quest for the Orb.
     0 | D:1      | Reached XP level 1. HP: 14/14 MP: 3/3
   269 | D:1      | Reached XP level 2. HP: 11/20 MP: 0/5
   418 | D:1      | Found a sparkling altar of Nemelex Xobeh.
  1063 | D:2      | Reached XP level 3. HP: 17/26 MP: 4/6
  1260 | D:2      | Found a sacrificial altar of Ru.
  1356 | D:2      | Noticed Sigmund
  1477 | D:2      | Killed Sigmund
  1477 | D:2      | Reached skill level 1 in Unarmed Combat
  1477 | D:2      | Reached skill level 5 in Conjurations
  1477 | D:2      | Reached XP level 4. HP: 17/33 MP: 0/9
  1477 | D:2      | Reached XP level 5. HP: 20/38 MP: 0/10
  2055 | D:2      | Reached XP level 6. HP: 45/45 MP: 9/12
  2420 | D:3      | Found a faded altar of an unknown god.
  2588 | D:3      | Found a blossoming altar of Fedhas.
  2597 | D:3      | Found a burning altar of Makhleb.
  2623 | D:3      | Found a radiant altar of Vehumet.
  2664 | D:3      | Found a shimmering altar of Xom.
  3172 | D:4      | Found an iron altar of Okawaru.
  3260 | D:4      | Slain by an orc priest

Skill      XL: |  1  2  3  4  5  6 |
---------------+-------------------+-----
Dodging        | 2 |  2.5
Stealth        | 2 |  2.1
Unarmed Combat | 1 2 |  2.0
Spellcasting   | 3 4 |  4.5
Conjurations   | 5 |  5.4
Fighting       | |  0.4

Action                   |  1- 3 |  4- 6 || total
-------------------------+-------+-------++-------
Melee: Unarmed           |    59 |    42 ||   101
       Tailslap          |     7 |     2 ||     9
 Cast: Magic Dart        |    67 |    99 ||   166
  Use: Scroll            |     1 |       ||     1
       Potion            |     1 |       ||     1
  Eat: Chunk             |     2 |     6 ||     8
Armor: Skin              |    43 |    12 ||    55
Dodge: Dodged            |    56 |    40 ||    96
